 Dungeon Crawl Stone Soup version 0.31.0-11-ge490571c62 (webtiles) character file.

Game seed: 6315191168438111119

4 Flugkiller the Chiller (level 1, 9/9 HPs)
             Began as a Vine Stalker Ice Elementalist on Feb 3, 2024.
             Quit the game on level 1 of the Dungeon.
             The game lasted 00:00:08 (56 turns).

Flugkiller the Chiller (VSIE)                         Turns: 56, Time: 00:00:08

Health: 9/9        AC:  2    Str: 10    XL:     1   Next: 70%
Magic:  3/4        EV: 12    Int: 15    God:
Gold:   0          SH:  0    Dex: 14    Spells: 3/4 levels left

rFire   . . .        (no weapon)
rCold   . . .        (no shield)
rNeg    . . .        a - +0 robe
rPois   .            (no helmet)
rElec   .            (no cloak)
rCorr   .            (no gloves)
SInv    .            (no boots)
Will    .....        (no amulet)
Stlth   ++           (no ring)
HPRegen 1.01/turn    (no ring)
MPRegen 0.09/turn

%: guardian spirit
@: no status effects
A: fangs 2, regeneration 1, magic shield, antimagic bite, no potion heal 2
a: no special abilities


You were on level 1 of the Dungeon.
You visited 1 branch of the dungeon, and saw 1 of its levels.

Inventory:

Armour
 a - a +0 robe (worn)
Potions
 b - a potion of magic


   Skills:
 - Level 1.5 Dodging
 - Level 2.4 Stealth
 + Level 2.4 Spellcasting
 + Level 4.1 Ice Magic


You had 3 spell levels left.
You knew the following spells:

 Your Spells              Type           Power      Damage    Failure   Level
a - Freeze                Ice            56%        1d7       4%          1

Your spell library contained the following spells:

 Spells                   Type           Power      Damage    Failure   Level
 Frozen Ramparts          Ice            28%        1d5       12%         3
 Ozocubu's Armour         Ice            14%        N/A       12%         3
 Summon Ice Beast         Ice/Summ       8%         N/A       26%         3


Dungeon Overview and Level Annotations

Branches:
Dungeon (1/15) Zot: 5944

Altars:


Innate Abilities, Weirdness & Mutations

You have extremely sharp teeth.
Your natural rate of healing is unusually fast.
When hurt, damage is shared between your health and your magic reserves.
Your bite disrupts and absorbs the magic of your enemies.
Potions cannot restore your health.


Message History

Welcome, Flugkiller the Vine Stalker Ice Elementalist.
The glorious Orb of Zot lies far below, as if waiting for you to find it.
Press ? for a list of commands and other information.
Found a staircase leading out of the dungeon.
Found a club.
You see here a +0 club.
A hobgoblin comes into view.
Found 5 stones.
You see here 5 gold pieces.
A kobold comes into view. It is wielding a +0 club.
The hobgoblin shouts!
A quokka comes into view.
You hit the hobgoblin.
The hobgoblin is heavily wounded.
A kobold comes into view. It is wielding a +0 short sword.
The hobgoblin misses you.
Casting: Freeze (safe; 4% risk of failure)
Confirm with . or Enter, or press ? or * to list all spells.
Aiming: Freeze (safe; 4% risk of failure)
Press: ? - help, Shift-Dir - straight line, f - hobgoblin
Aim: a hobgoblin (heavily wounded)
You freeze the hobgoblin.
The hobgoblin is severely wounded.
The kobold shouts!
The hobgoblin completely misses you.
Casting: Freeze (safe; 4% risk of failure)
Confirm with . or Enter, or press ? or * to list all spells.
Aiming: Freeze (safe; 4% risk of failure)
Press: ? - help, Shift-Dir - straight line, f/p - hobgoblin
Aim: a hobgoblin (severely wounded)
You freeze the hobgoblin.
You kill the hobgoblin!
The quokka attacks as it pursues you! The quokka bites you.
Unknown command.
The quokka bites you but does no damage.
The quokka attacks as it pursues you!
The quokka bites you but does no damage.
Casting: Freeze (safe; 4% risk of failure)
Confirm with . or Enter, or press ? or * to list all spells.
Aiming: Freeze (safe; 4% risk of failure)
Press: ? - help, Shift-Dir - straight line, f - quokka
Aim: a quokka You freeze the quokka.
The quokka is lightly wounded.
The quokka barely misses you.
You see here 5 gold pieces.
The quokka attacks as it pursues you! The quokka misses you.
The quokka bites you.
Ouch! That really hurt!
The quokka closely misses you.
You are too injured to fight recklessly!
You closely miss the quokka. You bite the quokka. You drain its power.
You feel invigorated.
The quokka is moderately wounded.
The quokka bites you.
You hit the quokka. Your bite misses the quokka.
The quokka is severely wounded.
The quokka bites you but does no damage.
You are too injured to fight recklessly!
You hit the quokka but do no damage.
The quokka is severely wounded.
The quokka misses you. The quokka bites you.
You are too injured to fight recklessly!
You barely miss the quokka.
The quokka is severely wounded.
The quokka closely misses you.
You hit the quokka.
You kill the quokka!
You barely miss the kobold. You bite the kobold. You drain its power.
You feel invigorated.
The kobold is heavily wounded.
The kobold barely misses you.
You hit the kobold but do no damage. You bite the kobold.
You kill the kobold!
You hit the kobold.
The kobold is severely wounded.
The kobold hits you with a +0 short sword.
You hit the kobold but do no damage.
The kobold is severely wounded.
The kobold hits you but does no damage.
You hit the kobold but do no damage. You bite the kobold.
You kill the kobold!
No target in view!
Things that are here:
a +0 short sword; a +0 club; a kobold corpse No target in view!
Are you sure you want to abandon this character and quit the game? (Confirm with "yes".)

.............
#.#.#†#.##...
#..........#####
#.#.#....###....
#.#K#........
#...........# #
#.$.....###.
####.#.####..#
#......@)..).###.##
#.##.#.####........
...............##
#########.####### ######
##8.8#####
##....#####........##
###.......##..........#
##......................
##......#................


There were no monsters in sight!

Vanquished Creatures
  A hobgoblin (D:1)
  2 kobolds (D:1)
  A quokka (D:1)
4 creatures vanquished.

Notes
Turn   | Place    | Note
-------+----------+-------------------------------------------
     0 | D:1      | Flugkiller the Vine Stalker Ice Elementalist began the
                  | quest for the Orb.
     0 | D:1      | Reached XP level 1. HP: 9/9 MP: 4/4
    56 | D:1      | Quit the game

Illustrated notes

Levels and vault maps discovered:
D:1:      eino_arrival_cavern_e, layout_basic

Action                     || total
---------------------------++-------
  Melee: Unarmed           ||    11
         Bite              ||     4
   Cast: Freeze            ||     3
 Armour: Robe              ||     9
  Dodge: Dodged            ||     8
